 Dungeon Crawl Stone Soup version 0.19-a0-682-g708bd0e (webtiles) character file.

5 Magifyre the Firebug (level 1, 0/10 HPs)
             Began as a Gargoyle Fire Elementalist on June 18, 2016.
             Slain by a hobgoblin
             ... wielding a +0 club
              (3 damage)
             ... on level 1 of the Dungeon.
             The game lasted 00:01:54 (124 turns).

Magifyre the Firebug (Gargoyle Fire Elementalist)    Turns: 124, Time: 00:01:55

Health: 0/10       AC:  4    Str: 11    XL:     1   Next: 80%
Magic:  0/3        EV: 12    Int: 15    God:
Gold:   0          SH:  0    Dex: 10    Spells: 1 memorised, 3 levels left

rFire  . . .     SeeInvis .     (no weapon)
rCold  . . .     Gourm    .     a - +0 robe
rNeg   + . .     Faith    .     (no shield)
rPois  ∞         Spirit   .     (no helmet)
rElec  +         Dismiss  .     (no cloak)
rCorr  .         Reflect  .     (no gloves)
SustAt .         Harm     .     (no boots)
MR     .....                    (no amulet)
Stlth  ++........               (no ring)
                                (no ring)

@: very slightly contaminated, not resistant to hostile enchantments, unstealthy
A: negative energy resistance 1, electricity resistance, unbreathing,
petrification resistance, rot immunity, AC +2
a: no special abilities


You were on level 1 of the Dungeon.
You were not hungry.

You visited 1 branch of the dungeon, and saw 1 of its levels.

Inventory:

Armour
 a - a +0 robe (worn)
Scrolls
 d - a scroll of remove curse {unknown}
Books
 b - a book of Flames

   Spells                             Type                      Level
   a - Flame Tongue                   Conjuration/Fire             1
   b - Throw Flame                    Conjuration/Fire             2
   c - Conjure Flame                  Conjuration/Fire             3
   d - Inner Flame                    Hexes/Fire                   3
   e - Sticky Flame                   Conjuration/Fire             4
   f - Fireball                       Conjuration/Fire             5
Comestibles
 c - a bread ration


   Skills:
 - Level 1.5 Dodging
 - Level 2.1 Stealth
 * Level 2.1 Spellcasting
 + Level 1.4 Conjurations
 + Level 3.1 Fire Magic


You had 3 spell levels left.
You knew the following spells:

 Your Spells              Type           Power        Failure   Level  Hunger
a - Flame Tongue          Conj/Fire      #....        12%         1    #......


Dungeon Overview and Level Annotations

Branches:
Dungeon (1/15)

Altars:

Annotations:
D:1 1 runed door


Innate Abilities, Weirdness & Mutations

You are resistant to torment.
Your stone body is resilient. (AC +2)
You are immune to poison.
You resist negative energy. (rN+)
You are resistant to electric shocks. (rElec)
You can survive without breathing.
You are immune to petrification.
You are immune to rotting.


Message History

Confirm with . or Enter, or press ? or * to list all spells.
Aiming: Flame Tongue
Press: ? - help, Shift-Dir - straight line, f/p - hobgoblin
Aim: a hobgoblin, wielding a club The flame tongue misses the hobgoblin.
The hobgoblin completely misses you.
Casting: Flame Tongue
Confirm with . or Enter, or press ? or * to list all spells.
Aiming: Flame Tongue
Press: ? - help, Shift-Dir - straight line, f/p - hobgoblin
Aim: a hobgoblin, wielding a club You miscast Flame Tongue.
You are very lightly contaminated with residual magic.
Heat runs through your body. The hobgoblin closely misses you.
You hit the hobgoblin but do no damage. The hobgoblin barely misses you.
You barely miss the hobgoblin. The hobgoblin hits you with a club.
* * * LOW HITPOINT WARNING * * *
You closely miss the hobgoblin. The hobgoblin barely misses you.
You barely miss the hobgoblin. The hobgoblin barely misses you.
You hit the hobgoblin but do no damage. The hobgoblin hits you with a club.
You die...

#. #### #. ...# #. .#.#
# #.#.#.# . ..##
#...#.####....
#>...#####..g.%.#
...........##.###
.......g#### .#
........@..##.#####
>..................
###.....###'#######+###
#.....#..⌠...>...⌠..#
####..#......<......#
#..+⌠....###....⌠+
#..#....... ....#
#..#######+## ####


#.JJJJshJs. .s# You could see a hobgoblin.

Vanquished Creatures
  4 jackals (D:1)
4 creatures vanquished.

Notes
Turn   | Place    | Note
--------------------------------------------------------------
     0 | D:1      | Magifyre the Gargoyle Fire Elementalist began the quest for the Orb.
     0 | D:1      | Reached XP level 1. HP: 10/10 MP: 3/3
     1 | D:1      | Found a runed door.
   124 | D:1      | Slain by a hobgoblin

Vault maps used:
D:1:      dpeg_arrival_caged_fury, serial_co_window_serial,
          co_window_of_opportunity_a, co_window_paths_a,
          co_window_of_opportunity_a, co_window_corner_a, co_window_cross_1,
          co_window_unsneaky_path_d, co_window_of_opportunity_b,
          co_window_corner_cb, co_window_cross_3, co_window_broadway_b,
          co_window_corner_ca, co_window_unsneaky_path_c, co_window_4corner_b,
          glass_columns_c, glass_columns_a, glass_columns_a, glass_columns_b

Action                   || total
-------------------------++-------
Melee: Unarmed           ||    41
 Cast: Flame Tongue      ||     7
Armor: Robe              ||    21
Dodge: Dodged            ||    33
